 Dungeon Crawl Stone Soup version 0.20-a0-1026-gc3ddcbd (webtiles) character file.

58 zhorgal the Cudgeler (level 4, -2/35 HPs)
             Began as a Formicid Fighter on Apr 20, 2017.
             Slain by an ice beast (9 damage)
             ... on level 3 of the Dungeon.
             The game lasted 00:06:12 (2039 turns).

zhorgal the Cudgeler (Formicid Fighter)             Turns: 2039, Time: 00:06:14

Health: -2/35      AC: 10    Str: 22    XL:     4   Next: 20%
Magic:  4/4        EV:  8    Int:  7    God:
Gold:   137        SH:  9    Dex: 10    Spells: 3/3 levels left

rFire    . . .     SeeInvis +   a - +0 flail
rCold    . . .     Gourm    .   c - +0 shield
rNeg     . . .     Faith    .   b - +0 scale mail
rPois    .         Spirit   .   (helmet unavailable)
rElec    .         Reflect  .   (no cloak)
rCorr    .         Harm     .   t - +2 pair of gloves
MR       .....                  (no boots)
Stlth    ..........             (no amulet)
Regen    0.2/turn               (no ring)
MPRegen  0.1/turn               (no ring)

@: no status effects
A: permanent stasis, dig shafts and tunnels, four strong arms, antennae 3
a: Dig, Shaft Self


You were on level 3 of the Dungeon.
You were not hungry.

You visited 1 branch of the dungeon, and saw 3 of its levels.

You collected 137 gold pieces.

Inventory:

Hand Weapons
 a - a +0 flail (weapon)
Missiles
 k - 8 tomahawks
 m - 139 stones (quivered)
 n - 33 sling bullets
Armour
 b - a +0 scale mail (worn)
 c - a +0 shield (worn)
 t - a +2 pair of gloves (worn)
Scrolls
 j - 4 scrolls of identify {unknown}
 l - 2 scrolls of remove curse {unknown}
Potions
 d - a potion of might
 e - a potion of heal wounds {unknown}
 h - a potion of cancellation {unknown}
 i - a potion of mutation {unknown}
 p - a potion of haste {unknown}
 r - a potion of curing {unknown}
Comestibles
 f - 3 bread rations
 g - 3 royal jellies
 o - a meat ration
 q - 3 fruits
 s - 3 chunks of flesh


   Skills:
 - Level 3.2 Fighting
 * Level 4.1 Maces & Flails
 - Level 3.2 Armour
 - Level 3.6 Shields


You had 3 spell levels left.
You didn't know any spells.

Dungeon Overview and Level Annotations

Branches:
Dungeon (3/15)

Altars:
Gozag
Kikubaaqudgha
Xom
Zin


Innate Abilities, Weirdness & Mutations

You cannot be hasted, slowed, berserked, paralysed or teleported.
You can dig through walls and to a lower floor.
Your four strong arms can wield two-handed weapons with a shield.
You have a pair of large antennae on your head. (SInv)


Message History

The ice beast is heavily wounded.
The ice beast hits you. The ice beast freezes you!
The ice beast barely misses you.
You closely miss the ice beast.
The ice beast is heavily wounded.
The ice beast hits you but does no damage.
You closely miss the ice beast.
The ice beast is heavily wounded.
The ice beast hits you but does no damage.
Your shield and scale mail prevent you from hitting the ice beast.
The ice beast is heavily wounded.
You block the ice beast's attack.
You hit the ice beast.
The ice beast is severely wounded.
The ice beast hits you. The ice beast freezes you!
* * * LOW HITPOINT WARNING * * *
The ice beast hits you.
* * * LOW HITPOINT WARNING * * *
The ice beast freezes you!
You die...

!. ..#.#
...#.#.#
#..#...# #
#......#.#
#.#...#. #
#...... .# .
#...# ##.###
^^^
#..@##......
._^.#..Y.....#
.^^^..?.......#
..............#
#.............#
####.....<....#
#.#...#.......
#.#...#.######
#.#...#.#


You could see an ice beast.

Vanquished Creatures
  An adder (D:2)
  A worm (D:2)
  2 dart slugs
  A leopard gecko (D:2)
  3 giant cockroaches (D:1)
  2 goblins
  6 hobgoblins
  A quokka (D:2)
  A ball python (D:2)
  2 bats
  4 frilled lizards
  8 kobolds
  10 rats
42 creatures vanquished.

Notes
Turn   | Place    | Note
-------+----------+-------------------------------------------
     0 | D:1      | zhorgal the Formicid Fighter began the quest for the Orb.
     0 | D:1      | Reached XP level 1. HP: 18/18 MP: 1/1
   158 | D:1      | Reached XP level 2. HP: 24/24 MP: 2/2
   405 | D:1      | Reached skill level 3 in Maces & Flails
   642 | D:1      | Reached XP level 3. HP: 23/29 MP: 3/3
   857 | D:2      | Found an ancient bone altar of Kikubaaqudgha.
  1273 | D:2      | Found a glowing silver altar of Zin.
  1274 | D:2      | Found an opulent altar of Gozag.
  1817 | D:2      | Reached skill level 4 in Maces & Flails
  1817 | D:2      | Reached XP level 4. HP: 35/35 MP: 4/4
  2015 | D:3      | Found a shimmering altar of Xom.
  2015 | D:3      | Noticed an ice beast
  2039 | D:3      | Slain by an ice beast

Vault maps used:
D:1:      tarquinn_simple_flora_water_a
D:2:      grunt_temple_overflow_gold_and_silver, nicolae_overflow_crystal_walls,
          serial_co_window_serial, co_window_corner_a, co_window_paths_b,
          co_window_corner_a, co_window_of_opportunity_a, co_window_paths_b,
          co_window_cross_3, co_window_of_opportunity_b,
          co_window_of_opportunity_b, co_window_corner_cb, co_window_sun,
          co_window_paths_d, glass_columns_c, glass_columns_a, glass_columns_a,
          glass_columns_b, first_bread
D:3:      xom_teletrap_fun

Skill      XL: |  1  2  3 |
---------------+----------+-----
Maces & Flails | 3 4 |  4.1
Fighting       | |  3.2
Armour         | |  3.2
Shields        | |  3.6

Action                   |  1- 3 |  4- 6 || total
-------------------------+-------+-------++-------
Melee: Flail             |   116 |    24 ||   140
Throw: Stone             |    89 |     8 ||    97
  Eat: Chunk             |     3 |     1 ||     4
Armor: Scale mail        |    33 |     6 ||    39
Dodge: Dodged            |    38 |     6 ||    44
Block: Shield            |    37 |     9 ||    46
